 Dungeon Crawl Stone Soup version 0.16.0 (webtiles) character file.

24488 Fiveotanaka the Bludgeoner (level 12, -3/105 HPs)
             Began as a Minotaur Gladiator on Mar 23, 2015.
             Slain by a blink frog (8 damage)
             ... on level 5 of the Lair of Beasts.
             The game lasted 00:39:25 (16512 turns).

Fiveotanaka the Bludgeoner (Minotaur Gladiator)    Turns: 16512, Time: 00:39:26

Health: -3/105     AC: 12    Str: 21    XL:     12   Next: 81%
Magic:  5/5        EV: 17    Int:  8    God:
Gold:   848        SH:  0    Dex: 15    Spells: 0 memorised, 11 levels left

rFire  . . .     SeeInvis .     t - +0 morningstar
rCold  . . .     Clarity  .     h - +0 ring mail (curse)
rNeg   . . .     SustAb   .     (no shield)
rPois  .         Gourm    .     c - +0 hat
rElec  .         Spirit   .     U - +1 cloak
rCorr  .         Warding  .     N - +0 pair of gloves (curse)
rMut   .         Rnd*Tele +     p - +0 pair of boots
MR     .....                    (no amulet)
Stlth  +.........               Q - ring of teleportation (curse)
                                i - +3 ring of intelligence

@: drained, not resistant to hostile enchantments, very unstealthy
A: retaliatory headbutt, horns 2
a: Evoke Teleportation


You were on level 5 of the Lair of Beasts.
You were hungry.

You visited 3 branches of the dungeon, and saw 17 of its levels.

You collected 848 gold pieces.

Inventory:

Hand weapons
 t - a +0 morningstar (weapon)
Missiles
 d - 5 throwing nets (quivered)
Armour
 c - a +0 hat (worn)
 h - a cursed +0 ring mail (worn)
 p - a +0 pair of boots (worn)
 M - a +3 chain mail
 N - a cursed +0 pair of gloves (worn)
 U - a +1 cloak (worn)
Jewellery
 i - a +3 ring of intelligence (left hand)
 Q - a cursed ring of teleportation (right hand)
Magical devices
 a - a wand of draining (6)
 l - a wand of teleportation (6)
 E - a wand of flame (32)
 F - a wand of paralysis (16)
 O - a wand of heal wounds (5)
 S - a wand of lightning (3)
 W - a wand of draining (4)
 Y - a wand of confusion (29)
Scrolls
 b - 6 scrolls of teleportation {unknown}
 e - 19 scrolls of identify {unknown}
 g - a scroll of noise {unknown}
 n - 2 scrolls of fog {unknown}
 r - a scroll of amnesia {unknown}
 u - 13 scrolls of remove curse {unknown}
 v - a scroll of holy word {unknown}
 y - 2 scrolls of recharging {unknown}
 A - 2 scrolls of fear {unknown}
 B - 5 scrolls of magic mapping {unknown}
 D - 3 scrolls of enchant weapon {unknown}
 H - a scroll of acquirement {unknown}
 K - a scroll of immolation {unknown}
 X - 3 scrolls of enchant armour {unknown}
Potions
 j - 3 potions of lignification {unknown}
 k - 11 potions of curing {unknown}
 m - a potion of resistance {unknown}
 o - 7 potions of restore abilities {unknown}
 q - 3 potions of brilliance {unknown}
 s - a potion of agility
 w - a potion of ambrosia {unknown}
 x - 4 potions of might {unknown}
 z - a potion of haste {unknown}
 C - 2 potions of cancellation {unknown}
 G - a potion of cure mutation {unknown}
 I - a potion of magic {unknown}
 L - 2 potions of mutation {unknown}
 P - a potion of heal wounds {unknown}
 R - a potion of flight {unknown}
 V - 2 potions of poison {unknown}
Comestibles
 f - 9 bread rations
 J - 7 meat rations


   Skills:
 + Level 9.4(9.0) Fighting
 * Level 17.9(17.3) Maces & Flails
 - Level 2.0(1.6) Throwing
 + Level 10.8(10.3) Armour
 + Level 10.6(10.1) Dodging


You had 11 spell levels left.
You didn't know any spells.

Dungeon Overview and Level Annotations

Branches:
Dungeon (11/15)            Temple (1/1) D:4            Lair (5/8) D:11
 Shoals (0/5) Lair:3       Spider (0/5) Lair:4          Orc (0/4) D:10

Altars:
Ashenzari
Cheibriados
Dithmenos
Elyvilon
Fedhas
Gozag
Kikubaaqudgha
Makhleb
Nemelex Xobeh
Okawaru
Qazlal
Ru
Sif Muna
Trog
Vehumet
Xom
Yredelemnul
Zin
The Shining One

Shops:
D:8 *   D:10 :

Annotations:
Lair:4 Harold


Innate Abilities, Weirdness & Mutations

You reflexively headbutt those who attack you in melee.
You have a pair of horns on your head.


Message History

Your headbutt misses the blink frog. The blink frog closely misses you.
You puncture the blink frog!!
You kill the blink frog!
The blink frog blinks!
The blink frog misses you.
You completely miss the blink frog.
Your headbutt passes through the blink frog as it momentarily phases out.
The blink frog is lightly wounded.
The blink frog closely misses you. The blink frog misses you.
You miss the blink frog. Your headbutt misses the blink frog.
The blink frog is lightly wounded.
The blink frog barely misses you. You furiously retaliate!
You headbutt the blink frog.
The blink frog blinks!
The blink frog barely misses you. You furiously retaliate!
You headbutt the blink frog!
The blink frog momentarily phases out as your attack passes through it.
Your headbutt misses the blink frog.
The blink frog is moderately wounded.
The blink frog completely misses you. You furiously retaliate!
You headbutt the blink frog.
The blink frog blinks!
The blink frog hits you!
You die...

#######...## #..##
##F####
####.FP##.####
##.#.+.###....#
#.##....)........##
...........§..§...#
...##..........FP.#
## #P......F...F@##
#..........†.##
##...........#
##P...[.P...#
#..#......##
#.#..###..# .#.+
#### .. .


You could see 3 blink frogs.

Vanquished Creatures
  2 hydras
  Nergalle (Lair:1)
  The ghost of Fiveotanaka the Grappler, an experienced TrMo (D:9)
  A fire crab (Lair:5)
  A hill giant (D:10)
  An ugly thing (D:11)
  A griffon (Lair:3)
  A manticore (Lair:3)
  9 elephants
  The ghost of Fiveotanaka the Grappler, an experienced TrMo (D:7)
  Maurice (D:8)
  A black mamba (Lair:4)
  2 spiny frogs (Lair:2)
  2 komodo dragons
  3 trolls
  A fire drake (Lair:1)
  5 blink frogs
  A hungry ghost (D:10)
  A deep elf mage (D:10)
  2 water elementals (D:11)
  3 basilisks
  9 yaks (Lair:4)
  8 hippogriffs
  A wyvern (Lair:4)
  A mottled dragon (Lair:2)
  6 water moccasins
  7 porcupines
  5 ice beasts
  7 spiders (Lair:4)
  3 phantoms
  4 sky beasts
  A black bear (D:11)
  2 eyes of draining
  2 orc warriors
  4 ogres
  2 necrophages
  3 crocodiles
  5 centaurs
  A wyvern zombie (D:6)
  2 gnoll sergeants
  A water moccasin zombie (D:8)
  4 giant frogs
  4 scorpions
  11 killer bees
  2 electric eels (D:11)
  5 wights (D:4)
  A quasit (D:8)
  2 goliath beetles (D:5)
  A giant frog zombie (D:6)
  6 crimson imps
  A centaur zombie (D:5)
  2 jellies
  2 giant frog skeletons
  4 orc priests
  17 hounds
  22 orc wizards
  A centaur skeleton (D:5)
  Natasha (twice) (D:3)
  7 iguanas
  8 worker ants
  5 sheep (Lair:3)
  Ijyb (D:5)
  Jessica (D:2)
  An ogre zombie (D:6)
  2 worker ant zombies
  A mummy (D:8)
  31 river rats
  15 adders
  15 gnolls
  2 shadow imps (D:6)
  A giant mite (D:3)
  5 worms
  2 adder zombies (D:5)
  3 adder skeletons
  9 giant geckos
  3 oozes
  32 orcs
  15 bats
  2 giant cockroaches
  17 hobgoblins
  16 jackals
  13 kobolds
  A giant cockroach zombie (D:6)
  9 giant newts
  A giant spore (D:9)
  19 goblins
  5 goblin zombies (D:6)
  9 quokkas
  A quokka skeleton (D:9)
  17 rats
471 creatures vanquished.

Notes
Turn   | Place    | Note
--------------------------------------------------------------
     0 | D:1      | Fiveotanaka, the Minotaur Gladiator, began the quest for the Orb.
     0 | D:1      | Reached XP level 1. HP: 18/18 MP: 1/1
    65 | D:1      | Reached skill level 4 in Maces & Flails
   238 | D:1      | Reached XP level 2. HP: 16/25 MP: 1/1
  1013 | D:2      | Reached skill level 5 in Maces & Flails
  1069 | D:2      | Reached XP level 3. HP: 26/30 MP: 2/2
  1187 | D:2      | Found a glowing silver altar of Zin.
  1282 | D:2      | Found a blossoming altar of Fedhas.
  1284 | D:2      | Noticed Jessica
  1302 | D:2      | Killed Jessica
  1421 | D:2      | Reached skill level 6 in Maces & Flails
  1421 | D:2      | Reached XP level 4. HP: 20/37 MP: 2/2
  2230 | D:3      | Noticed Natasha
  2234 | D:3      | Killed Natasha
  2234 | D:3      | Reached skill level 7 in Maces & Flails
  2234 | D:3      | Reached XP level 5. HP: 26/42 MP: 2/2
  2695 | D:3      | Noticed Natasha
  2702 | D:3      | Killed Natasha
  3078 | D:4      | Reached skill level 8 in Maces & Flails
  3183 | D:4      | Reached XP level 6. HP: 50/50 MP: 3/3
  3256 | D:4      | Noticed a phantom
  3267 | D:4      | Killed a phantom
  3321 | D:4      | Reached skill level 9 in Maces & Flails
  3507 | D:4      | Reached XP level 7. HP: 51/56 MP: 3/3
  3514 | D:4      | Reached skill level 10 in Maces & Flails
  3674 | D:4      | Found a staircase to the Ecumenical Temple.
  3681 | D:4      | Noticed an ogre
  3690 | D:4      | Killed an ogre
  3699 | Temple   | Entered the Ecumenical Temple
  3923 | D:5      | Entered Level 5 of the Dungeon
  3926 | D:5      | Reached skill level 11 in Maces & Flails
  3982 | D:5      | Reached XP level 8. HP: 21/62 MP: 3/3
  4252 | D:5      | Reached skill level 1 in Armour
  4869 | D:5      | Reached skill level 12 in Maces & Flails
  5172 | D:5      | Noticed Ijyb
  5177 | D:5      | Killed Ijyb
  5638 | D:6      | Found an opulent altar of Gozag.
  5705 | D:6      | Reached skill level 5 in Dodging
  5705 | D:6      | Reached XP level 9. HP: 63/68 MP: 4/4
  6100 | D:6      | Reached skill level 13 in Maces & Flails
  6443 | D:7      | Noticed Fiveotanaka's ghost (experienced TrMo)
  6456 | D:7      | Killed Fiveotanaka's ghost
  6456 | D:7      | Reached skill level 5 in Armour
  7461 | D:8      | Found Cobecvae's Assorted Antiques.
  7480 | D:8      | Reached skill level 14 in Maces & Flails
  7573 | D:8      | Noticed Maurice
  7581 | D:8      | Killed Maurice
  7581 | D:8      | Reached XP level 10. HP: 75/77 MP: 4/4
  8371 | D:9      | Noticed Fiveotanaka's ghost (experienced TrMo)
  8833 | D:9      | Killed Fiveotanaka's ghost
  9340 | D:9      | Reached skill level 15 in Maces & Flails
  9444 | D:9      | Reached skill level 5 in Fighting
  9590 | D:10     | Entered Level 10 of the Dungeon
  9837 | D:10     | Found a staircase to the Orcish Mines.
  9874 | D:10     | Found Chupeow's Book Shop.
 10117 | D:10     | Noticed a hill giant
 10151 | D:10     | Reached XP level 11. HP: 89/89 MP: 4/4
 10212 | D:10     | Killed a hill giant
 10465 | D:11     | Found a staircase to the Lair.
 11060 | Lair:1   | Entered Level 1 of the Lair of Beasts
 11161 | Lair:1   | Noticed a five-headed hydra
 11168 | Lair:1   | Killed a five-headed hydra
 11168 | Lair:1   | Reached skill level 16 in Maces & Flails
 11573 | Lair:1   | Noticed Nergalle
 11582 | Lair:1   | Killed Nergalle
 12467 | Lair:2   | Noticed a seven-headed hydra
 12472 | Lair:2   | Killed a seven-headed hydra
 13619 | Lair:3   | Found a staircase to the Shoals.
 13628 | Lair:3   | Reached XP level 12. HP: 53/101 MP: 5/5
 14333 | Lair:3   | Reached skill level 17 in Maces & Flails
 14470 | Lair:3   | Reached skill level 10 in Dodging
 14481 | Lair:3   | Reached skill level 10 in Armour
 15237 | Lair:4   | Found a hole to the Spider Nest.
 16342 | Lair:4   | Noticed Harold
 16505 | Lair:5   | HP: 4/105 [blink frog (3)]
 16512 | Lair:5   | Slain by a blink frog

Action                   |  1- 3 |  4- 6 |  7- 9 | 10-12 || total
-------------------------+-------+-------+-------+-------++-------
Melee: Flail             |    59 |   121 |   357 |    94 ||   631
       Morningstar       |       |       |       |   585 ||   585
  Eat: Chunk             |     2 |     6 |    13 |    27 ||    48
       Beef jerky        |       |       |       |     1 ||     1
